 Dungeon Crawl Stone Soup version 0.27.1-33-g824d729ab1 (webtiles) character file.

Game seed: 2615521858592184898

809 Grabarz the Covert (level 7, 0/35 HPs)
             Began as a Spriggan Delver on Dec 8, 2021.
             Slain by an ogre (35 damage)
             ... on level 6 of the Dungeon.
             The game lasted 00:37:04 (9978 turns).

Grabarz the Covert (Spriggan Delver)                Turns: 9978, Time: 00:37:05

Health: 0/35       AC:  2    Str:  9    XL:     7   Next: 61%
Magic:  8/9        EV: 20    Int: 18    God:
Gold:   278        SH:  0    Dex: 17    Spells: 6/7 levels left

rFire    . . .     SeeInvis +   a - +1 short sword
rCold    . . .     Faith    .   (shield restricted)
rNeg     . . .     Spirit   .   b - +0 robe
rPois    .         Reflect  .   (helmet restricted)
rElec    .         Harm     .   (no cloak)
rCorr    +         Rampage  .   (gloves unavailable)
Will     +....                  (boots unavailable)
Stlth    +++++.....             (no amulet)
HPRegen  0.11/turn              q - +6 ring of intelligence
MPRegen  0.11/turn              j - ring of resist corrosion

@: studying Maces & Flails, very quick
A: very small, no large weapons, unfitting armour, see invisible, speed 3
a: no special abilities


You were on level 6 of the Dungeon.
You visited 1 branch of the dungeon, and saw 6 of its levels.

You collected 278 gold pieces.

Inventory:

Hand Weapons
 a - a +1 short sword (weapon)
Armour
 b - a +0 robe (worn)
Magical Staves
 k - a staff of conjuration
 n - a staff of air
Jewellery
 j - a ring of resist corrosion (right hand)
 q - a +6 ring of intelligence (left hand)
Wands
 g - a wand of digging (3)
 m - a wand of iceblast (2)
 r - a wand of charming (11)
 s - a wand of polymorph (5)
Scrolls
 c - a scroll of fog
 d - a scroll of magic mapping
 e - 3 scrolls of fear
 i - 6 scrolls of teleportation
 o - a scroll of identify
Potions
 f - 3 potions of haste
 h - a potion of ambrosia {unknown}
 l - a potion of flight
 p - 4 potions of heal wounds {unknown}
 t - a potion of curing


   Skills:
 - Level 2.4 Fighting
 * Level 6.2 Short Blades
 + Level 5.5 Dodging
 * Level 10.8 Stealth
 + Level 0.9 Spellcasting
 + Level 0.5 Poison Magic


You had 6 spell levels left.
You knew the following spells:

 Your Spells              Type           Power      Damage    Failure   Level
a - Sting                 Tmut/Pois      4%         1d3       19%         1

Your spell library contained the following spells:

 Spells                   Type           Power      Damage    Failure   Level
 Poisonous Vapours        Pois/Air       2%         N/A       26%         2
 Olgreb's Toxic Radiance  Pois           2%         N/A       85%         4


Dungeon Overview and Level Annotations

Branches:
Dungeon (6/15)
 Temple: D:4-7

Altars:
Sif Muna
Vehumet
The Shining One

Shops:
D:2 (   D:5 !


Innate Abilities, Weirdness & Mutations

You are very small and have problems with some larger weapons.
You are too small for most types of armour.
You have supernaturally acute eyesight. (SInv)
You cover ground extremely quickly. (Speed+++)


Message History

Press: ? - help, Q - select action, (/) - cycle Shift-Dir - straight line, f - hound
Aim: a hound (lightly wounded, 51% to hit)
The sting hits the hound.
The hound is poisoned.
The hound is lightly wounded.
The hound completely misses you.
You miss the hound.
The hound is moderately wounded.
The hound bites you but does no damage. The hound misses you.
You hit the hound.
The hound is severely wounded.
The hound bites you but does no damage.
You closely miss the hound.
The hound is severely wounded.
The hound closely misses you.
You hit the hound.
The hound is almost dead.
The hound bites you.
You closely miss the hound.
The hound is almost dead.
You kill the hound!
There is a stone staircase leading up here.
Magic restored.
You climb upwards.
There is a stone staircase leading down here.
You start resting.
HP restored.
You climb downwards.
There is a stone staircase leading up here.
You open the door.
There is an open door here.
You pick up a manual of Maces & Flails and begin studying.
r - a wand of charming (11)
Aiming: Sting (safe; 19% risk of failure)
Press: ? - help, Q - select action, (/) - cycle Shift-Dir - straight line, f - ogre
Aim: an ogre, wielding a +0 giant club (83% to hit)
The sting hits the ogre.
The ogre is poisoned.
The ogre is lightly wounded.
The ogre hits you with a +0 giant club!!
Ouch! That really hurt!
You die...

#.##...##.# ##.##
#.........# #.#
#####.##### #.# #.#
##'## #.# ##...##
##.## ##.....##
##...## ##.......##
##.....####.........#
#.........'@........+
#.##....###O........#
#.##......†#.......##
#.##.##.##.##.....##
#.##....##.###...##
#.##.#..##.# ##+##
#.##.......#
#.....$.#### ###.##


You could see an ogre (poisoned).

Vanquished Creatures
  Sigmund (D:2)
  A sky beast (D:4)
  A centaur (D:5)
  A water moccasin skeleton (D:5)
  A centaur skeleton (D:6)
  A jelly (D:4)
  3 hounds
  Jessica (D:2)
  Terence (D:2)
  2 iguanas
  A killer bee zombie (D:3)
  7 adders
  3 gnolls (D:3)
  A dart slug (D:3)
  2 orcs (D:2)
  5 bats
  7 endoplasms
  A giant cockroach (D:2)
  6 hobgoblins
  2 jackals (D:3)
  3 quokkas
  5 ball pythons
  12 frilled lizards
  11 goblins
  5 kobolds
  5 rats
89 creatures vanquished.

Notes
Turn   | Place    | Note
-------+----------+-------------------------------------------
     0 | D:5      | Grabarz the Spriggan Delver began the quest for the Orb.
     0 | D:5      | Reached XP level 1. HP: 11/11 MP: 2/2
    48 | D:5      | Noticed an iguana
   123 | D:4      | Reached XP level 2. HP: 16/16 MP: 3/3
   195 | D:4      | Reached XP level 3. HP: 19/19 MP: 4/4
   349 | D:4      | Noticed a sky beast
   382 | D:3      | Found a glowing golden altar of the Shining One.
   397 | D:3      | Reached skill level 8 in Stealth
   762 | D:4      | Reached XP level 4. HP: 23/23 MP: 5/5
   891 | D:2      | Found Hibloic's Antique Weapon Boutique.
  2377 | D:2      | Noticed Terence
  3090 | D:2      | Noticed Jessica
  3102 | D:2      | Killed Jessica
  3265 | D:2      | Reached XP level 5. HP: 21/27 MP: 6/6
  3508 | D:2      | Killed Terence
  3956 | D:2      | Noticed Sigmund
  3985 | D:2      | Killed Sigmund
  3986 | D:2      | Reached skill level 9 in Stealth
  3986 | D:2      | Reached XP level 6. HP: 15/32 MP: 7/7
  4265 | D:3      | Reached skill level 5 in Short Blades
  5466 | D:4      | Reached skill level 10 in Stealth
  5810 | D:4      | Killed a sky beast
  5811 | D:4      | Reached skill level 5 in Dodging
  5811 | D:4      | Reached XP level 7. HP: 17/35 MP: 8/8
  6880 | D:5      | Found a radiant altar of Vehumet.
  6889 | D:5      | Found a shimmering blue altar of Sif Muna.
  8323 | D:5      | Found Enoith's Distillery.
  8661 | D:5      | Learned a level 1 spell: Sting
  9978 | D:6      | Slain by an ogre

Illustrated notes

Levels and vault maps discovered:
D:1:      dpeg_arrival_boxes_within_box, layout_basic, st_stairs_12,
          minmay_lizard_pond
D:2:      layout_basic, serial_aquarium, aquarium_bridge_straight
          [aquarium_subvault_bridge, aquarium_subvault_balcony,
          aquarium_subvault_bridge, aquarium_subvault_balcony],
          aquarium_bridge_island_large [aquarium_subvault_large_4_pools,
          aquarium_subvault_balcony, aquarium_subvault_bridge,
          aquarium_subvault_window, aquarium_subvault_wall], aquarium_window_1,
          aquarium_window_corridor_2, aquarium_view_2e, aquarium_pool_2,
          serial_shops, nicolae_diamond_shop, uniq_sigmund, uniq_jessica,
          uniq_terence
D:3:      layout_basic, mainiacjoe_overflow_tiny_flanked,
          minmay_increasing_density
D:4:      layout_cave_pods, minmay_misc_feat_diagonals
D:5:      layout_gridville, mainiacjoe_overflow_swirl, nicolae_stop_n_shop_2,
          hangedman_decor_points
D:6:      layout_loops_corners, gammafunk_temple_overflow_wave,
          grunt_temple_overflow_open, ebering_dispersal_statue_hall,
          minmay_checkerbox

Skill      XL: |  1  2  3  4  5  6  7 |
---------------+----------------------+-----
Short Blades   | 3 4 5 6 |  6.2
Dodging        | 3 4 5 |  5.5
Stealth        | 8 9 10 | 10.8
Fighting       | |  2.4
Spellcasting   | |  0.9
Poison Magic   | |  0.5

Action                   |  1- 3 |  4- 6 |  7- 9 || total
-------------------------+-------+-------+-------++-------
Melee: Short sword       |    32 |   256 |   139 ||   427
 Cast: Sting             |       |       |     4 ||     4
Evoke: Wand              |       |     3 |       ||     3
  Use: Potion            |       |     6 |       ||     6
       Scroll            |       |     4 |     2 ||     6
 Stab: Sleeping          |     8 |    26 |     2 ||    36
       Distracted        |       |     3 |     2 ||     5
Armor: Robe              |     2 |     7 |    15 ||    24
Dodge: Dodged            |    18 |   158 |   118 ||   294
